 Dungeon Crawl Stone Soup version 0.17.1-1-g73c8601 (webtiles) character file.

9935 lucasterio the Basher (level 11, -13/123 HPs)
             Began as a Red Draconian Berserker on Dec 14, 2015.
             Was a High Priest of Trog.
             Killed by divine providence
             ... invoked by an orc priest
              (15 damage)
             ... on level 10 of the Dungeon.
             The game lasted 00:39:17 (10970 turns).

lucasterio the Basher (Red Draconian Berserker)    Turns: 10970, Time: 00:39:18

Health: -13/123    AC: 11    Str: 27    XL:     11   Next: 29%
Magic:  11/11      EV: 16    Int: 12    God:    Trog [*****.]
Gold:   589        SH:  0    Dex: 10    Spells: 0 memorised, 10 levels left

rFire  + . .     SeeInvis .     p - +4 flail (holy)
rCold  . . .     Clarity  .     (armour unavailable)
rNeg   . . .     SustAt   .     (no shield)
rPois  .         Gourm    +     Q - +0 hat {Int+3}
rElec  .         Spirit   .     d - +2 cloak {MR+}
rCorr  .         Warding  .     (no gloves)
rMut   .         Stasis   .     L - +0 pair of boots (curse)
MR     +....                    K - amulet of the gourmand
Stlth  ..........               (no ring)
                                (no ring)

@: berserking, very quick, somewhat resistant to hostile enchantments, extremely
unstealthy
A: breathe fire, unfitting armour, fire resistance 1, cold-blooded, AC +7
a: Breathe Fire, Berserk, Trog's Hand, Brothers in Arms, Burn Spellbooks,
Renounce Religion


You were on level 10 of the Dungeon.
You worshipped Trog.
Trog was extremely pleased with you.
You were completely stuffed.

You visited 1 branch of the dungeon, and saw 10 of its levels.

You collected 611 gold pieces.
You spent 22 gold pieces at shops.

Inventory:

Hand Weapons
 a - a +0 mace
 p - a +4 flail of holy wrath (weapon)
 F - a +1 flail of protection
 G - a cursed -2 whip
 M - a +0 shortbow
 R - a +2 flail of holy wrath
 T - a +3 triple sword of holy wrath
Missiles
 y - 120 arrows
 I - 7 tomahawks (quivered)
Armour
 d - a +2 cloak of magic resistance (worn)
 r - a +0 pair of boots
 u - a +0 large shield
 C - a +0 shield
 L - a cursed +0 pair of boots (worn)
 Q - a +0 hat of intelligence (worn)
Jewellery
 f - an uncursed amulet of guardian spirit
 K - an amulet of the gourmand (around neck)
Wands
 l - a wand of paralysis (12)
 v - a wand of slowing (27)
 B - a wand of flame (48)
Scrolls
 c - 4 scrolls of identify
 k - a scroll of acquirement {unknown}
 n - a scroll of magic mapping
 o - a scroll of remove curse
 s - 3 scrolls of fog
 t - 9 scrolls of teleportation
 A - a scroll of recharging
 N - a scroll of enchant weapon {unknown}
 S - 2 scrolls of blinking
Potions
 e - 4 potions of agility
 h - 2 potions of resistance
 j - a potion of curing
 m - 2 potions of flight
 q - 2 potions of heal wounds
 w - a potion of might
 x - 2 potions of haste {unknown}
 D - a potion of brilliance {unknown}
 E - 3 potions of mutation {unknown}
 H - 3 potions of lignification {unknown}
 J - a potion of berserk rage
Comestibles
 b - 3 bread rations
 g - 4 beef jerkies
 i - 8 slices of pizza
 z - 3 meat rations
 O - 12 fruits
 P - a royal jelly
 U - 4 chunks of flesh


   Skills:
 - Level 3.2 Fighting
 * Level 14.3 Maces & Flails
 + Level 9.8 Dodging


You had 10 spell levels left.
You didn't know any spells.

Dungeon Overview and Level Annotations

Branches:
Dungeon (10/15)            Temple (0/1) D:6             Orc (0/4) D:9
   Lair: D:8-11

Altars:
Ashenzari
Cheibriados
Dithmenos
Gozag
Makhleb
Sif Muna
Xom
Yredelemnul
Zin
The Shining One

Shops:
D:4 =   D:5 %   D:6 *   D:9 (


Innate Abilities, Weirdness & Mutations

You can breathe blasts of fire.
Your fiery red scales are hard (AC +7).
Your body does not fit into most forms of armour.
Your flesh is heat resistant.
You are cold-blooded and may be slowed by cold attacks.


Message History

The orc warrior is heavily wounded.
The rat misses you. The rat closely misses you.
A rat comes into view.
You hit the orc warrior.
The orc warrior is severely wounded.
The orc warrior hits you with a war axe!!
* * * LOW HITPOINT WARNING * * *
The rat barely misses you.
The orc priest mumbles some strange prayers to Beogh against you.
Something smites you!
* * * LOW HITPOINT WARNING * * *
The rat barely misses you.
A red film seems to cover your vision as you go berserk!
You feel yourself moving faster!
You feel mighty!
You feel somewhat less full. The rat closely misses you.
The orc warrior hits you with a war axe!
* * * LOW HITPOINT WARNING * * *
The orc priest mumbles some strange prayers to Beogh against you.
Something smites you!
You die...

### .<. #.. ##.. #.# ..r ###
##.# #.. ##.## #... #..
##...## #.## #..
##.....#####.##
P..##..#######.......)).....
P.....o..oo@)........)######
..o.#.r..orr†........## .
###########.....## ##...##
##.## ###


You could see an orc warrior, an orc priest, an orc wizard, an orc and 3 rats.

Vanquished Creatures
  Gastronok (D:9)
  A hydra (D:8)
  Erica (D:9)
  Maurice (D:9)
  Psyche (D:8)
  A deep elf priest (D:8)
  2 two-headed ogres
  Prince Ribbit (D:9)
  A troll (D:9)
  2 yaks (D:8)
  A hungry ghost (D:7)
  A hippogriff (D:9)
  A water moccasin (D:5)
  Edmund (D:5)
  A wasp (D:10)
  10 ogres
  An eye of draining (D:8)
  2 ice beasts
  2 orc warriors
  4 sky beasts
  3 crocodiles
  Blork the orc (D:4)
  2 centaurs
  4 big kobolds
  3 giant frogs
  A scorpion (D:6)
  2 crimson imps
  6 hounds
  A centaur zombie (D:7)
  3 giant frog skeletons
  2 centaur skeletons
  A gnoll shaman (D:5)
  3 jellies
  6 orc priests
  Ijyb (D:3)
  15 orc wizards
  Jessica (D:3)
  3 iguanas
  3 worker ants
  2 sheep (D:8)
  A hound zombie (D:5)
  10 river rats (D:5)
  11 adders
  7 gnolls
  2 oozes
  An adder zombie (D:5)
  4 worms
  An adder skeleton (D:4)
  8 giant geckos
  51 orcs
  A ball python (D:1)
  8 bats
  6 hobgoblins
  12 jackals
  9 kobolds
  7 quokkas
  8 giant cockroaches
  6 giant newts
  8 goblins
  A jackal skeleton (D:4)
  23 rats
284 creatures vanquished.

Vanquished Creatures (others)
  15 fungi (D:10)
  7 plants (D:10)
22 creatures vanquished.

Grand Total: 306 creatures vanquished

Notes
Turn   | Place    | Note
--------------------------------------------------------------
     0 | D:1      | lucasterio the Draconian Berserker began the quest for the Orb.
     0 | D:1      | Reached XP level 1. HP: 19/19 MP: 1/1
   144 | D:1      | Reached XP level 2. HP: 12/26 MP: 2/2
   371 | D:1      | Found a snail-covered altar of Cheibriados.
   924 | D:2      | Reached XP level 3. HP: 7/31 MP: 3/3
  1287 | D:2      | Reached skill level 4 in Maces & Flails
  1529 | D:2      | Reached ** piety under Trog
  1621 | D:2      | Found a basalt altar of Yredelemnul.
  1627 | D:2      | Found a glowing golden altar of the Shining One.
  1628 | D:2      | Found a shimmering altar of Xom.
  1628 | D:2      | Found a deep blue altar of Sif Muna.
  1806 | D:3      | Found a glowing silver altar of Zin.
  1821 | D:3      | Reached XP level 4. HP: 36/38 MP: 2/4
  1856 | D:3      | Noticed Jessica
  1864 | D:3      | Killed Jessica
  2255 | D:3      | Reached skill level 5 in Maces & Flails
  2263 | D:3      | Reached XP level 5. HP: 18/45 MP: 2/5
  3076 | D:3      | Noticed Ijyb
  3097 | D:3      | Killed Ijyb
  3390 | D:4      | Noticed Blork the orc
  3402 | D:4      | Killed Blork the orc
  3402 | D:4      | Reached XP level 6. HP: 38/51 MP: 3/6
  3406 | D:4      | Reached skill level 6 in Maces & Flails
  3840 | D:4      | Found Tuzorph's Jewellery Shoppe.
  3903 | D:4      | Noticed an ogre
  3913 | D:4      | Killed an ogre
  3919 | D:4      | Reached *** piety under Trog
  3919 | D:4      | Your scales start taking on a fiery red colour.
  3919 | D:4      | Gained mutation: Your flesh is heat resistant. [Red Draconian growth]
  3919 | D:4      | Reached XP level 7. HP: 23/57 MP: 2/7
  4202 | D:4      | You fall through a shaft for 3 floors!
  4205 | D:7      | Reached skill level 7 in Maces & Flails
  4257 | D:5      | Entered Level 5 of the Dungeon
  4512 | D:5      | Reached skill level 5 in Dodging
  4765 | D:5      | Reached skill level 8 in Maces & Flails
  4981 | D:5      | Reached XP level 8. HP: 61/63 MP: 8/8
  5123 | D:5      | Found Ifutepac's Food Boutique.
  5245 | D:5      | Reached **** piety under Trog
  5265 | D:5      | Reached skill level 9 in Maces & Flails
  5279 | D:5      | Noticed Edmund
  5293 | D:5      | Killed Edmund
  6051 | D:5      | Reached skill level 10 in Maces & Flails
  6119 | D:5      | Reached XP level 9. HP: 47/70 MP: 9/9
  6287 | D:6      | Found Iaotamuk's Incredible Inventory.
  6295 | D:6      | Bought a scroll of identify for 22 gold pieces
  6661 | D:6      | Reached skill level 11 in Maces & Flails
  6903 | D:6      | Reached ***** piety under Trog
  7029 | D:6      | Found a staircase to the Ecumenical Temple.
  7189 | D:7      | Found a burning altar of Makhleb.
  7189 | D:7      | Found a shattered altar of Ashenzari.
  7727 | D:7      | Found a shadowy altar of Dithmenos.
  7750 | D:7      | Noticed a two-headed ogre
  7759 | D:7      | Killed a two-headed ogre
  8225 | D:8      | Noticed Psyche
  8238 | D:8      | Reached skill level 12 in Maces & Flails
  8284 | D:8      | Reached XP level 10. HP: 77/77 MP: 10/10
  8387 | D:8      | Found an opulent altar of Gozag.
  8466 | D:8      | Killed Psyche
  8830 | D:8      | Noticed a three-headed hydra
  8838 | D:8      | Killed a three-headed hydra
  8838 | D:8      | Reached skill level 13 in Maces & Flails
  9119 | D:9      | Noticed Prince Ribbit
  9142 | D:9      | Noticed Maurice
  9154 | D:9      | Killed Maurice
  9369 | D:9      | Noticed Gastronok
  9406 | D:9      | Killed Gastronok
  9406 | D:9      | Reached XP level 11. HP: 44/82 MP: 11/11
  9775 | D:9      | Received a gift from Trog
 10073 | D:9      | Found Osijais's Weapon Shop.
 10078 | D:9      | Found a staircase to the Orcish Mines.
 10167 | D:9      | Noticed Erica
 10185 | D:9      | Killed Erica
 10185 | D:9      | Reached skill level 14 in Maces & Flails
 10188 | D:9      | HP: 6/123 [poisoned by Erica (bolt of poison)]
 10728 | D:9      | Killed Prince Ribbit
 10771 | D:10     | Entered Level 10 of the Dungeon
 10970 | D:10     | HP: 2/123 [orc warrior/war axe (11)]
 10970 | D:10     | Killed from afar by an orc priest

Action                   |  1- 3 |  4- 6 |  7- 9 | 10-12 || total
-------------------------+-------+-------+-------+-------++-------
Melee: Mace              |   147 |   162 |       |       ||   309
       Flail             |       |    15 |   477 |   272 ||   764
Invok: Berserk           |     1 |     3 |     6 |     7 ||    17
       Trog's Hand       |       |     1 |       |       ||     1
  Use: Scroll            |       |       |    18 |       ||    18
       Potion            |       |       |       |     1 ||     1
  Eat: Chunk             |     4 |    10 |    37 |    16 ||    67
       Pizza             |       |       |     1 |       ||     1
